 Dungeon Crawl Stone Soup version 0.31-a0-574-g69dc8cc98e (webtiles) character file.

Game seed: 2246843549638715906

1476 Fodor the Trooper (level 8, -2/65 (73) HPs)
             Began as a Minotaur Fighter on Aug 18, 2023.
             Was an Initiate of Gozag.
             Slain by a wight
             ... wielding a +4 flail of freezing
              (4 damage)
             ... on level 6 of the Dungeon.
             The game lasted 00:22:38 (4040 turns).

Fodor the Trooper (Minotaur Fighter)                Turns: 4040, Time: 00:22:39

HP:   -2/65 (73)    AC: 14    Str: 28 (29) XL:     8   Next: 49%
MP:   7/7           EV: 11    Int:  5      God:    Gozag
Gold: 225           SH:  0    Dex: 10      Spells: 7/7 levels left

rFire   . . .        B - +3 halberd
rCold   . . .        (shield currently unavailable)
rNeg    . . .        b - +0 scale mail
rPois   .            (helmet restricted)
rElec   .            y - +0 cloak
rCorr   .            (no gloves)
SInv    .            g - +0 pair of boots
Will    .....        e - amulet of regeneration Stlth
                     f - +4 ring of protection
HPRegen 1.10/turn    u - +6 ring of strength
MPRegen 0.10/turn

%: no passive effects
@: gold aura, heavily drained
A: horns 2, retaliatory headbutt
a: Renounce Religion, Potion Petition, Call Merchant, Bribe Branch


You were on level 6 of the Dungeon.
You worshipped Gozag.
Gozag was aware of your devotion.
You visited 1 branch of the dungeon, and saw 6 of its levels.

You collected 288 gold pieces.
You paid 63 gold pieces to Gozag.

Inventory:

Hand Weapons
 B - a +3 halberd (weapon)
Missiles
 s - 2 boomerangs (quivered)
 w - 3 poisoned darts
 z - a throwing net
Armour
 b - a +0 scale mail (worn)
 c - a +0 buckler
 g - a +0 pair of boots (worn)
 y - a +0 cloak (worn)
Jewellery
 e - an amulet of regeneration (around neck)
 f - a +4 ring of protection (left hand)
 u - a +6 ring of strength (right hand)
 A - a ring of positive energy
 E - a ring of see invisible
 F - an amulet of guardian spirit
Wands
 C - a wand of charming (7)
Scrolls
 h - 4 scrolls of identify {unknown}
 i - 2 scrolls of amnesia {unknown}
 k - 2 scrolls of fog {unknown}
 l - 2 scrolls of immolation {unknown}
 m - 4 scrolls of teleportation {unknown}
 n - a scroll of fear {unknown}
 o - a scroll of summoning {unknown}
 r - a scroll of enchant armour {unknown}
 t - a scroll of enchant weapon {unknown}
 D - a scroll of blinking {unknown}
Potions
 a - a potion of invisibility {unknown}
 d - a potion of might
 j - a potion of lignification {unknown}
 p - 2 potions of degeneration
 q - 4 potions of brilliance
 v - a potion of heal wounds {unknown}
 x - a potion of curing {unknown}
 G - a potion of cancellation {unknown}


   Skills:
 + Level 7.2 Fighting
 + Level 4.2 Long Blades
 + Level 7.0 Polearms
 + Level 7.1 Armour
 + Level 2.7 Dodging
 + Level 0.7 Stealth
 + Level 4.4 Shields


You had 7 spell levels left.
You didn't know any spells.
Your spell library contained the following spells:

 Spells                   Type           Power      Damage    Failure   Level
 Apportation              Tloc           0%         N/A       71%         1
 Necrotise                Necr           0%         1d4       71%         1
 Summon Small Mammal      Summ           0%         N/A       71%         1
 Dazzling Flash           Conj/Hex       0%         N/A       97%         3
 Volatile Blastmotes      Fire/Tloc      0%         2d10      97%         3
 Starburst                Conj/Fire      0%         6d3       100%        6
 Maxwell's Capacitive Co  Air            0%         ∞         100%        8


Dungeon Overview and Level Annotations

Branches:
Dungeon (6/15)
 Temple: D:4-7

Altars:
Dithmenos
Fedhas
Gozag

Annotations:
D:3 3 runed translucent doors, bahustanut's ghost, amateur OgSh


Innate Abilities, Weirdness & Mutations

You have a pair of horns on your head.
You reflexively headbutt those who attack you in melee.


Message History

The ice beast is distracted by your dazzling golden aura.
You feel sick.
The wight is no longer distracted by gold.
Something hits you but does no damage. The orc closely misses you.
There is an escape hatch in the floor, spattered with blood here.
Things that are here:
12 gold pieces; a +0 hand axe; a +0 leather armour You feel sick.
You are no longer poisoned.
The ice beast is no longer distracted by gold.
The wight barely misses you. The orc hits you but does no damage.
The wight hits you but does no damage.
You hear a shout!
There is a stone staircase leading up here.
You slash the ice beast!
The ice beast is severely wounded.
The orc barely misses you.
The wight hits you from afar with a +5 spear of freezing!
You feel drained. The wight freezes you.
The ice beast hits you but does no damage.
The wight is distracted by your dazzling golden aura.
The wight hits you with a +4 flail of freezing!
The wight freezes you.
You slice the ice beast!!
You kill the ice beast!
The wight is no longer distracted by gold.
The wight hits you from afar with a +5 spear of freezing!
* * * LOW HITPOINT WARNING * * *
You feel drained.
* * * LOW HITPOINT WARNING * * *
The wight freezes you.
* * * LOW HITPOINT WARNING * * *
The wight hits you with a +3 scimitar.
* * * LOW HITPOINT WARNING * * *
You feel drained.
The wight hits you with a +4 flail of freezing!
* * * LOW HITPOINT WARNING * * *
You feel drained. The wight freezes you.
You die...
Your body crumbles into a pile of gold.

..##########
...........##
.......zzo..##
......z.@>...#
.......$.{...#
........$....#
.............#
............<#
............##
#..........##
.....######
...#.


You could see 3 wights and an orc.

Vanquished Creatures
  Sigmund (D:2)
  2 water moccasins
  2 ice beasts
  An orc warrior (D:5)
  2 ogres
  A phantom (D:6)
  A gnoll sergeant (D:5)
  A scorpion (D:5)
  A jelly (D:4)
  A gnoll bouda (D:5)
  2 hounds
  Jessica (D:3)
  An iguana (D:4)
  A sleepcap (D:5)
  3 orc wizards
  13 gnolls
  8 adders
  A shadow imp (D:5)
  An ufetubus (D:5)
  A worm (D:2)
  2 dart slugs
  12 orcs
  2 ball pythons (D:1)
  A bat (D:1)
  7 endoplasms
  3 giant cockroaches
  3 goblins
  4 hobgoblins
  6 jackals
  4 quokkas
  4 frilled lizards
  3 rats
96 creatures vanquished.

Notes
Turn   | Place    | Note
-------+----------+-------------------------------------------
     0 | D:1      | Fodor the Minotaur Fighter began the quest for the Orb.
     0 | D:1      | Reached XP level 1. HP: 19/19 MP: 0/0
   274 | D:1      | Reached XP level 2. HP: 27/27 MP: 1/1
   376 | D:1      | Found a faded altar of an unknown god.
   940 | D:2      | Reached XP level 3. HP: 34/34 MP: 2/2
  1183 | D:2      | Noticed Sigmund
  1209 | D:2      | Killed Sigmund
  1210 | D:2      | Reached skill level 5 in Fighting
  1210 | D:2      | Reached skill level 5 in Armour
  1210 | D:2      | Reached skill level 1 in Dodging
  1210 | D:2      | Reached XP level 4. HP: 13/42 MP: 3/3
  1210 | D:2      | Reached XP level 5. HP: 15/48 MP: 4/4
  1493 | D:3      | Found a runed translucent gate.
  1493 | D:3      | Found a runed translucent gate.
  1493 | D:3      | Found a runed translucent gate.
  1502 | D:3      | Noticed bahustanut's ghost (amateur OgSh)
  1502 | D:3      | Found the +7 great mace "Undeadhunter" {deathbane, rN+}
  1554 | D:3      | Noticed Jessica
  1561 | D:3      | Killed Jessica
  1566 | D:3      | Reached XP level 6. HP: 51/56 MP: 5/5
  2122 | D:4      | Reached skill level 1 in Polearms
  2934 | D:5      | Entered Level 5 of the Dungeon
  2938 | D:5      | Noticed an orc warrior
  2948 | D:5      | Killed an orc warrior
  2949 | D:5      | Reached XP level 7. HP: 21/63 MP: 6/6
  3180 | D:5      | Reached skill level 5 in Polearms
  3289 | D:5      | Found a blossoming altar of Fedhas.
  3291 | D:5      | Found an opulent altar of Gozag.
  3291 | D:5      | Found a shadowy altar of Dithmenos.
  3296 | D:5      | Became a worshipper of Gozag Ym Sagoz the Greedy
  3428 | D:5      | Reached XP level 8. HP: 45/71 MP: 7/7
  4040 | D:6      | HP: 2/67 [wight/+4 flail of freezing (13)]
  4040 | D:6      | Slain by a wight

Illustrated notes

Levels and vault maps discovered:
D:1:      nicolae_arrival_somewhat_less_tricky_arrival, layout_loops_ring,
          shapermc_ecumenical_altar_flowoftime
D:2:      layout_rooms, uniq_sigmund
D:3:      layout_rooms, gammafunk_ghost_nasty_kobolds, grunt_ministairs_12,
          minmay_hedge_maze, uniq_jessica
D:4:      layout_cave_pods, roderic_lattice_a
D:5:      layout_rooms, grunt_temple_overflow_diamond, small_statue_alley_b,
          chequers_decorated_corner, nicolae_zen_rock_garden,
          minmay_misc_feat_room, minmay_misc_feat_x
D:6:      layout_rooms

Skill      XL: |  1  2  3  4  5  6  7  8 |
---------------+-------------------------+-----
Fighting       | 4 5 6 7 |  7.2
Armour         | 4 5 6 7 |  7.1
Shields        | 4 |  4.4
Long Blades    | 3 4 |  4.2
Dodging        | 1 2 |  2.7
Polearms       | 3 5 7 |  7.0
Stealth        | |  0.7

Action                     |  1- 3 |  4- 6 |  7- 9 || total
---------------------------+-------+-------+-------++-------
  Melee: Long sword        |    73 |       |       ||    73
         Headbutt          |    11 |    21 |    12 ||    44
         Halberd           |       |   104 |   111 ||   215
    Use: Potion            |       |       |     4 ||     4
 Armour: Scale mail        |    50 |    61 |   106 ||   217
  Dodge: Dodged            |    47 |    65 |    84 ||   196
  Block: Buckler           |    14 |       |       ||    14

Table legend: (Time is in decaauts)
 A = Elapsed time spent in this place.
 B = Non-inter-level travel time spent in this place.
 C = Inter-level travel time spent in this place.
 D = Time resting spent in this place.
 E = Time spent auto-exploring this place.
 F = Levels seen in this place.
 G = Mean time per level.
                   A        B        C        D        E       F      G
               +--------+--------+--------+--------+--------+-----+--------+
         Total |   4118 |   3885 |    233 |    292 |      0 |   6 |  686.3 |
       Dungeon |   4118 |   3885 |    233 |    292 |      0 |   6 |  686.3 |
               +--------+--------+--------+--------+--------+-----+--------+

Top non-repeatable levels by time:
     D:5: 1099 daAuts
     D:4: 945 daAuts
     D:1: 935 daAuts
     D:3: 585 daAuts
     D:2: 530 daAuts
     D:6: 22 daAuts
